 Dungeon Crawl Stone Soup version 0.19-a0-1899-g2d93087 (webtiles) character file.

655 Leszczynek the Basher (level 7, -7/66 HPs)
             Began as an Ogre Warper on Oct 19, 2016.
             Was a Follower of the Shining One.
             Mangled by Menkaure (11 damage)
             ... on level 6 of the Dungeon.
             The game lasted 00:09:41 (1527 turns).

Leszczynek the Basher (Ogre Warper)                 Turns: 1527, Time: 00:09:42

Health: -7/66      AC:  6    Str: 17    XL:     7   Next: 54%
Magic:  10/10      EV: 15    Int: 13    God:    the Shining One [*.....]
Gold:   127        SH:  0    Dex: 15    Spells: 2 memorised, 4 levels left

rFire  . . .     SeeInvis .     a - +0 giant club
rCold  . . .     Gourm    .     b - +0 robe
rNeg   . . .     Faith    .     (shield currently unavailable)
rPois  .         Spirit   .     (helmet restricted)
rElec  .         Reflect  .     k - +0 cloak
rCorr  .         Harm     .     (gloves unavailable)
MR     .....                    (boots unavailable)
Stlth  +.........               (no amulet)
                                (no ring)
                                h - +2 ring of protection

@: agile, glowing
A: unfitting armour, tough skin 1
a: Renounce Religion


You were on level 6 of the Dungeon.
You worshipped the Shining One.
The Shining One was aware of your devotion.
You were not hungry.

You visited 2 branches of the dungeon, and saw 7 of its levels.

You collected 127 gold pieces.

Inventory:

Hand Weapons
 a - a +0 giant club (weapon)
 f - a +0 mace
Missiles
 e - 5 tomahawks of dispersal (quivered)
 g - a throwing net
Armour
 b - a +0 robe (worn)
 k - a +0 cloak (worn)
Jewellery
 h - a +2 ring of protection (left hand)
 r - an uncursed ring of protection from cold {unknown}
Scrolls
 i - a scroll of teleportation {unknown}
 j - a scroll of magic mapping {unknown}
 m - 6 scrolls of identify {unknown}
 n - 2 scrolls of amnesia {unknown}
 p - a scroll of random uselessness {unknown}
 s - a scroll of immolation {unknown}
 t - a scroll of noise {unknown}
Potions
 o - 2 potions of flight
Books
 c - a book of Spatial Translocations

   Spells                             Type                      Level
   a - Blink                          Translocation                2
   b - Shroud of Golubria             Charms/Translocation         2
   c - Lesser Beckoning               Translocation                3
   d - Portal Projectile              Translocation                3
   e - Teleport Other                 Translocation                3
   f - Passage of Golubria            Translocation                4
Comestibles
 d - a bread ration
 q - 2 chunks of flesh


   Skills:
 - Level 2.6 Fighting
 + Level 10.6 Maces & Flails
 - Level 1.0 Throwing
 - Level 2.1 Dodging
 - Level 2.4 Spellcasting
 - Level 2.1 Translocations


You had 4 spell levels left.
You knew the following spells:

 Your Spells              Type           Power        Failure   Level  Hunger
a - Blink                 Tloc           N/A          17%         2    ###....
d - Passage of Golubria   Tloc           N/A          91%         4    #####..


Dungeon Overview and Level Annotations

Branches:
Dungeon (6/15)             Temple (1/1) D:4

Altars:
Ashenzari
Cheibriados
Elyvilon
Fedhas
Gozag
Hepliaklqana
Kikubaaqudgha
Makhleb
Okawaru
Qazlal
Ru
Sif Muna
Vehumet
Xom
Yredelemnul
Zin
The Shining One

Annotations:
D:3 Terence
D:5 Prince Ribbit
D:6 Menkaure


Innate Abilities, Weirdness & Mutations

You are too large for most types of armour.
You have tough skin. (AC +1)


Message History

You open the door.
Found 13 arrows.
Menkaure, Prince of Dust comes into view.
Menkaure shouts!
Menkaure calls on the powers of darkness!
Your body is wracked with pain!
* * * LOW HITPOINT WARNING * * *
Found a scroll labeled OBLAGA MUILIZ.
There is an open door here.
You close the door.
You feel agile all of a sudden. Menkaure casts a spell at you.
Pain shoots through your body!
* * * LOW HITPOINT WARNING * * *
Menkaure calls on the powers of darkness!
Your body is wracked with pain!
* * * LOW HITPOINT WARNING * * *
You hear a croak.
Menkaure hits you!
You die...

.. #.. ##. #... ...?..
..#########...... .......
........MF...... ......
#.....@#....... ....
#......#....(.. ...
#......#.......
#.#####......#.......
#####.#..........+...#
....#.....####...#......#
..........# #...#......#
..........# #...#......#
..........# .....#......#


You could see Menkaure and a bullfrog.

Vanquished Creatures
  A phantom (D:6)
  An ogre (D:6)
  A bullfrog (D:6)
  2 scorpions (D:6)
  2 crimson imps
  A bullfrog zombie (D:6)
  A centaur skeleton (D:4)
  An iguana (D:6)
  3 worker ants
  2 hound skeletons
  3 adders
  A worm (D:5)
  2 leopard geckos
  An orc (D:6)
  A giant cockroach (D:3)
  4 goblins
  3 hobgoblins
  2 jackals (D:3)
  4 quokkas
  A ball python (D:6)
  A frilled lizard (D:3)
  3 kobolds (D:2)
  3 rats
44 creatures vanquished.

Notes
Turn   | Place    | Note
-------+----------+-------------------------------------------
     0 | D:1      | Leszczynek the Ogre Warper began the quest for the Orb.
     0 | D:1      | Reached XP level 1. HP: 22/22 MP: 3/3
   115 | D:1      | Reached skill level 3 in Maces & Flails
   156 | D:1      | Reached XP level 2. HP: 28/29 MP: 5/5
   189 | D:2      | Reached skill level 4 in Maces & Flails
   253 | D:2      | Reached XP level 3. HP: 17/36 MP: 6/6
   406 | D:4      | Reached skill level 5 in Maces & Flails
   435 | D:3      | Reached XP level 4. HP: 33/44 MP: 7/7
   515 | D:3      | Noticed Terence
   570 | D:4      | Noticed an ogre
   621 | D:4      | Found a staircase to the Ecumenical Temple.
   628 | Temple   | Entered the Ecumenical Temple
   650 | Temple   | Learned a level 2 spell: Blink
   655 | Temple   | Learned a level 4 spell: Passage of Golubria
   718 | Temple   | Became a worshipper of the Shining One
   881 | D:4      | Reached skill level 6 in Maces & Flails
   903 | D:4      | Reached XP level 5. HP: 31/50 MP: 8/8
  1043 | D:5      | Entered Level 5 of the Dungeon
  1089 | D:5      | Reached skill level 7 in Maces & Flails
  1122 | D:5      | Noticed a water moccasin
  1216 | D:5      | Noticed Prince Ribbit
  1224 | D:6      | Noticed an ogre
  1237 | D:6      | Killed an ogre
  1237 | D:6      | Reached skill level 8 in Maces & Flails
  1237 | D:6      | Reached XP level 6. HP: 29/59 MP: 9/9
  1337 | D:6      | Reached skill level 9 in Maces & Flails
  1383 | D:6      | Reached XP level 7. HP: 46/66 MP: 10/10
  1397 | D:6      | Reached * piety under the Shining One
  1410 | D:6      | Reached skill level 10 in Maces & Flails
  1519 | D:6      | Noticed Menkaure
  1524 | D:6      | HP: 5/66 [Menkaure/nerve-wracking pain (12)]
  1527 | D:6      | Mangled by Menkaure

Vault maps used:
D:1:      erik_arrival_cave_to_civilisation
D:2:      serial_glass, glass_columns_c, glass_columns_a
D:3:      lemuel_crystal_altar, uniq_terence
D:4:      minmay_opposing_rooms, gammafunk_temple_overflow_pools, first_bread
D:5:      enter_ossuary_5, kennysheep_generic_room_13, uniq_prince_ribbit1
D:6:      basic_altar, uniq_menkaure
Temple:   minmay_crystal_spiral_temple

Skill      XL: |  1  2  3  4  5  6  7 |
---------------+----------------------+-----
Maces & Flails | 3 4 5 6 8 9 10 | 10.6
Fighting       | |  2.6
Throwing       | |  1.0
Dodging        | |  2.1
Spellcasting   | |  2.4
Translocations | |  2.1

Action                   |  1- 3 |  4- 6 |  7- 9 || total
-------------------------+-------+-------+-------++-------
Melee: Mace              |    68 |    84 |       ||   152
       Giant club        |       |    21 |    15 ||    36
  Use: Potion            |       |     6 |     2 ||     8
       Scroll            |       |     2 |       ||     2
 Stab: Sleeping          |       |     1 |       ||     1
  Eat: Bread ration      |       |     1 |       ||     1
Armor: Robe              |    22 |    31 |     5 ||    58
       Skin              |       |    16 |       ||    16
Dodge: Dodged            |    38 |    37 |     1 ||    76
